AoeStats
← H. Bat'z

Arena

509545238Analyzed
4v4 RM · 6d ago on Sep 27, 2026· 82m 2s· 8 players
Game mode
Random Map
Map size
Large (8 player)
Population
200
Speed
Normal
Resources
Standard
Victory
Conquest
Starting age
Dark Age
Ending age
Imperial Age
RankedLock teamsTeams togetherTeam positionsShared explorationLock speedFull tech treeHidden civsTurbo modeCheats
Victory
Defeat
🇲🇽 Goths · Mexico
1115
+6
🇹🇷 Cumans · Türkiye
859
+16
🇲🇽 Khitans · Mexico
731
+20
🇲🇽 Muisca · Mexico
718
+21
🇳🇿 Mongols · New Zealand
912
-18
🇺🇸 Lithuanians · United States
833
-15
🇦🇷 Franks · Argentina
828
-15
🇵🇪 Magyars · Peru
820
-15
tails034
2:10 Loom
12:06 Feudal Age
12:28 Domestication
12:42 Double-Bit Axe
20:06 Castle Age
18:43 Stone Mining
18:47 Gold Mining
20:44 Wheelbarrow
22:46 Pastoralism
26:28 Forging
26:09 Fletching
26:48 Bow Saw
28:06 Pikeman
28:21 Crossbowman
32:41 Scale Mail Armor
33:18 Iron Casting
32:39 Bodkin Arrow
32:50 Padded Archer Armor
32:52 Town Watch
33:37 Ballistics
33:16 Murder Holes
36:53 Hand Cart
39:16 Imperial Age
38:10 Stone Shaft Mining
38:10 Thumb Ring
39:39 Chain Mail Armor
39:42 Leather Archer Armor
40:11 Bracer
40:51 Conscription
40:44 Lamellar Armor
41:58 Transhumance
42:32 Two-Man Saw
41:37 Town Patrol
43:09 Plate Mail Armor
48:27 Ring Archer Armor
50:29 Fortified Wall
54:54 Siege Engineers
55:03 Elite Liao Dao
57:38 Scale Barding Armor
60:05 Capped Ram
63:42 Masonry
66:36 Ordo Cavalry
69:08 Light Cavalry
69:49 Husbandry
70:12 Hussar
71:33 Caravan
Humberto.sdk
12:11 Feudal Age
16:12 Castle Age
13:56 Horse Collar
14:19 Double-Bit Axe
18:10 Wheelbarrow
19:15 Man-at-Arms
20:08 Scale Mail Armor
23:56 Hand Cart
23:55 Gold Mining
24:14 Heavy Plow
24:33 Bow Saw
27:52 Forging
30:46 Imperial Age
29:24 Iron Casting
29:04 Chain Mail Armor
28:13 Pikeman
28:56 Squires
28:48 Loom
28:49 Town Watch
30:18 Stone Mining
31:08 Chain Mail Armor
31:03 Town Patrol
31:22 Masonry
30:44 Long Swordsman
31:57 Crop Rotation
32:29 Two-Man Saw
30:52 Capped Ram
32:40 Stone Shaft Mining
33:51 Blast Furnace
32:20 Halberdier
36:03 Fletching
36:13 Padded Archer Armor
38:01 Two-Handed Swordsman
40:12 Bodkin Arrow
40:33 Leather Archer Armor
40:43 Conscription
40:29 Perfusion
39:54 Champion
40:18 Elite Huskarl
44:47 Anarchy
46:15 Ballistics
46:55 Chemistry
58:58 Bracer
59:28 Ring Archer Armor
H. Bat'z
2:31 Loom
12:01 Feudal Age
12:33 Horse Collar
12:46 Double-Bit Axe
18:42 Castle Age
18:51 Champi Runner
20:26 Wheelbarrow
22:58 Gold Mining
23:03 Champi Warrior
24:08 Heavy Plow
25:43 Bow Saw
30:36 Gold Shaft Mining
30:04 Scale Mail Armor
30:15 Forging
29:59 Stone Mining
30:49 Hand Cart
30:22 Town Watch
31:25 Chain Mail Armor
33:22 Iron Casting
33:16 Squires
33:58 Stone Shaft Mining
33:48 Herbalism
35:41 Town Patrol
35:58 Masonry
36:10 Ballistics
35:46 Murder Holes
43:54 Imperial Age
44:53 Elite Temple Guard
48:12 Plate Mail Armor
50:07 Pikeman
54:36 Padded Archer Armor
54:26 Fletching
56:50 Elite Skirmisher
60:10 Thumb Ring
66:43 Elite Champi Warrior
73:48 Chemistry
77:20 Leather Archer Armor
77:01 Bodkin Arrow
82:03 Two-Man Saw
81:38 Crop Rotation
MiyamotoMusashi27
10:52 Feudal Age
18:25 Castle Age
16:25 Loom
21:54 Bloodlines
23:23 Wheelbarrow
24:03 Horse Collar
25:26 Heavy Plow
26:01 Double-Bit Axe
27:22 Padded Archer Armor
27:13 Fletching
28:10 Bow Saw
27:49 Town Watch
30:14 Thumb Ring
33:55 Imperial Age
33:35 Bodkin Arrow
33:56 Leather Archer Armor
34:20 Hand Cart
35:05 Conscription
36:01 Town Patrol
38:15 Ring Archer Armor
39:46 Ballistics
40:27 Chemistry
38:53 Elite Kipchak
40:30 Cuman Mercenaries
41:36 Elite Steppe Lancer
45:27 Scale Barding Armor
45:33 Forging
46:45 Chain Barding Armor
51:27 Plate Barding Armor
51:28 Iron Casting
51:03 Steppe Husbandry
52:59 Stone Mining
53:10 Gold Mining
56:05 Pikeman
56:45 Squires
56:31 Arson
57:36 Masonry
57:22 Murder Holes
58:06 Hoardings
57:02 Sappers
60:05 Blast Furnace
59:06 Scale Mail Armor
71:21 Chain Mail Armor
71:26 Halberdier
T.S | Mo
2:17 Loom
14:03 Feudal Age
14:46 Double-Bit Axe
14:52 Gold Mining
14:56 Stone Mining
14:47 Horse Collar
27:47 Castle Age
27:12 Wheelbarrow
28:43 Caravan
28:45 Heavy Plow
28:57 Bow Saw
29:24 Fervor
29:58 Stone Shaft Mining
33:49 Imperial Age
31:01 Treadmill Crane
31:16 Murder Holes
31:32 Masonry
34:12 Hand Cart
35:30 Conscription
34:39 Cavalier
35:21 Husbandry
36:42 Paladin
38:12 Town Watch
38:45 Forging
38:40 Scale Barding Armor
38:35 Scale Mail Armor
38:26 Fletching
38:55 Town Patrol
41:03 Hoardings
41:16 Bloodlines
41:56 Iron Casting
42:05 Architecture
43:02 Chain Barding Armor
43:56 Man-at-Arms
44:36 Squires
47:58 Long Swordsman
51:27 Two-Handed Swordsman
55:35 Capped Ram
70:46 Arson
70:22 Pikeman
EL GATO TECHERO
8:57 Loom
11:17 Feudal Age
16:37 Castle Age
16:11 Double-Bit Axe
21:07 Horse Collar
27:34 Wheelbarrow
27:26 Gold Mining
27:26 Stone Mining
27:43 Heavy Plow
29:14 Bow Saw
31:47 Scale Barding Armor
32:17 Bloodlines
32:07 Husbandry
35:18 Chain Barding Armor
38:59 Imperial Age
39:06 Gold Shaft Mining
38:54 Hand Cart
39:28 Cavalier
41:29 Plate Barding Armor
42:47 Paladin
DaniSaintM
9:35 Feudal Age
10:07 Double-Bit Axe
15:29 Castle Age
16:41 Bow Saw
21:25 Wheelbarrow
21:34 Gold Mining
21:54 Town Watch
22:34 Stone Mining
23:38 Gold Shaft Mining
23:53 Hand Cart
23:35 Loom
24:48 Forging
25:05 Scale Barding Armor
26:03 Husbandry
27:24 Iron Casting
28:35 Town Patrol
31:41 Imperial Age
29:53 Chain Barding Armor
30:04 Murder Holes
30:33 Ballistics
29:57 Treadmill Crane
31:51 Padded Archer Armor
33:28 Plate Barding Armor
32:43 Cavalier
34:52 Blast Furnace
35:02 Chemistry
37:53 Paladin
40:27 Herbal Medicine
41:44 Leather Archer Armor
43:28 Elite Skirmisher
45:23 Fletching
47:05 Conscription
58:28 Scale Mail Armor
58:24 Bodkin Arrow
60:52 Pikeman
61:33 Squires
69:46 Caravan
73:52 Halberdier
76:28 Chain Mail Armor
NiftySpear
9:44 Feudal Age
10:28 Double-Bit Axe
11:43 Wheelbarrow
12:03 Horse Collar
18:34 Castle Age
17:03 Man-at-Arms
22:25 Bow Saw
23:45 Gold Mining
23:47 Stone Mining
26:39 Gold Shaft Mining
28:48 Stone Shaft Mining
29:51 Heavy Plow
32:50 Hand Cart
33:24 Long Swordsman
37:18 Imperial Age
37:21 Fletching
37:31 Padded Archer Armor
37:20 Two-Handed Swordsman
38:27 Thumb Ring
38:48 Parthian Tactics
37:43 Heavy Cavalry Archer
40:05 Conscription
40:26 Hoardings
40:38 Drill
42:01 Ballistics
43:15 Elite Skirmisher
56:39 Light Cavalry
57:43 Bloodlines
61:18 Hussar
62:12 Forging
62:08 Scale Barding Armor
63:28 Iron Casting
64:13 Chain Barding Armor
64:00 Husbandry
68:56 Blast Furnace
Connection lost

Rejoining the realm…

Still unreachable

The connection could not be restored.

Session expired

The server has moved on; the page needs a fresh start.